 Dungeon Crawl Stone Soup version 0.25-a0-364-ge76b031baf (webtiles) character file.

Game seed: 14062405876457963176, levelgen mode: deterministic

3868 Inarius the Ruffian (level 9, -5/70 HPs)
             Began as a Demonspawn Artificer on Jan 4, 2020.
             Was a Believer of Uskayaw.
             Slain by a large abomination (29 damage)
             ... on level 1 of the Abyss.
             The game lasted 00:20:57 (10819 turns).

Inarius the Ruffian (Demonspawn Artificer)         Turns: 10819, Time: 00:20:58

Health: -5/70      AC: 11    Str: 16    XL:     9   Next: 99%
Magic:  20/22      EV: 10    Int: 12    God:    Uskayaw [**....]
Gold:   398        SH:  4    Dex: 14    Spells: 8/8 levels left

rFire    . . .     SeeInvis .     - Unarmed
rCold    + . .     Gourm    .   y - +0 buckler
rNeg     . . .     Faith    .   A - +0 plate armour (curse)
rPois    +         Spirit   .   (no helmet)
rElec    .         Reflect  .   (no cloak)
rCorr    .         Harm     .   (no gloves)
MR       .....                  s - +2 pair of boots
Stlth    ..........             (no amulet)
HPRegen  0.21/turn              u - ring of magical power
MPRegen  0.18/turn              b - ring of wizardry

@: about to teleport, studying Throwing, repel missiles
A: claws 1, talons 1, repulsion field 3, cold resistance 1, deformed body,
poison resistance
a: Stomp, Line Pass, Renounce Religion


You were on level 1 of the Abyss.
You worshipped Uskayaw.
Uskayaw was noncommittal.
You were not hungry.

You visited 2 branches of the dungeon, and saw 9 of its levels.
You visited the Abyss 1 time.
You also visited: Sewer.

You collected 398 gold pieces.

Inventory:

Hand Weapons
 r - a +1 hand axe of chopping
Missiles
 m - 11 javelins (quivered)
Armour
 s - a +2 pair of boots (worn)
 y - a +0 buckler (worn)
 A - a cursed +0 plate armour (worn)
Jewellery
 b - a ring of wizardry (right claw)
 u - a ring of magical power (left claw)
Wands
 d - a wand of enslavement (10)
 e - a wand of random effects (1)
 B - a wand of paralysis (7)
Scrolls
 a - a scroll of amnesia {unknown}
 h - 5 scrolls of identify {unknown}
 i - 3 scrolls of fog {unknown}
 l - 5 scrolls of remove curse
 o - 5 scrolls of teleportation
 p - 2 scrolls of fear {unknown}
 t - a scroll of enchant armour {unknown}
 v - 2 scrolls of magic mapping {unknown}
 w - a scroll of enchant weapon {unknown}
Potions
 c - a potion of curing {unknown}
 g - a potion of lignification {unknown}
 j - 5 potions of flight
 k - 3 potions of heal wounds
 n - 3 potions of brilliance
 q - a potion of agility {unknown}
 z - a potion of degeneration {unknown}
Books
 x - a manual of Throwing
Comestibles
 f - 17 rations


   Skills:
 + Level 6.3 Fighting
   Level 1.2 Short Blades
 - Level 0.1 Axes
 - Level 0.9 Throwing
 + Level 6.6 Armour
 + Level 4.0 Dodging
 - Level 0.8 Stealth
 + Level 1.6 Shields
 * Level 7.2 Unarmed Combat
 * Level 5.5 Invocations
 + Level 3.7 Evocations


You had 8 spell levels left.
You didn't know any spells.
Your spell library was empty.

Dungeon Overview and Level Annotations

Branches:
Dungeon (8/15)             Temple (1/1) D:4           Sewer (visited)
   Lair: D:8-11

Altars:
Ashenzari
Cheibriados
Elyvilon
Gozag
Hepliaklqana
Kikubaaqudgha
Ru
Trog
Uskayaw
Yredelemnul
Zin
The Shining One

Shops:
D:7 (

Annotations:
D:5 Edmund
D:8 Psyche


Innate Abilities, Weirdness & Mutations

You have sharp fingernails.
You are surrounded by a strong repulsion field. (EV +4, RMsl)
Your flesh is cold resistant. (rC+)
You have sharp toenails.
Armour fits poorly on your strangely shaped body.
Your system is resistant to poisons. (rPois)


Message History

You claw the large abomination!
The large abomination is severely damaged.
The large abomination completely misses you.
You scratch the large abomination.
The large abomination is severely damaged.
The large abomination hits you but does no damage.
You scratch the large abomination but do no damage.
The large abomination is severely damaged.
The large abomination hits you but does no damage.
You scratch the large abomination.
The large abomination is severely damaged.
The large abomination hits you!
You can now pass through a line of other dancers.
You scratch the large abomination but do no damage.
The large abomination is severely damaged.
The large abomination hits you!
You scratch the large abomination but do no damage.
The large abomination is severely damaged.
The large abomination hits you!!
You die...

. ##.
##.###
#..X@#
#.####
.# ..
.. # #
# #. .
.


You could see a large abomination.

Vanquished Creatures
  Joseph (D:7)
  A freezing wraith (Abyss:1)
  A hippogriff (D:7)
  A neqoxec (Abyss:1)
  A small abomination (Abyss:1)
  A chaos spawn (Abyss:1)
  An ice beast (D:5)
  An orc warrior (D:7)
  2 sky beasts
  2 black bears (D:6)
  2 ogres
  A phantom (D:6)
  A big kobold (D:6)
  3 bullfrogs
  A water moccasin zombie (D:7)
  A water moccasin skeleton (D:7)
  2 howler monkeys (D:7)
  A bullfrog zombie (D:5)
  A centaur zombie (D:4)
  A crimson imp (D:5)
  5 hounds
  6 jellies
  2 bullfrog skeletons (D:4)
  2 orc priests
  An orc wizard (D:7)
  3 centaur skeletons
  2 iguanas
  A merfolk siren (Sewer)
  A merfolk avatar (Sewer)
  Terence (D:2)
  10 worker ants
  A killer bee zombie (D:6)
  A hound zombie (D:7)
  A worker ant zombie (D:5)
  10 adders
  3 river rats
  3 adder zombies
  2 adder skeletons
  5 worms
  3 dart slugs
  4 leopard geckos
  8 orcs
  3 ball pythons (Sewer)
  5 bats
  5 giant cockroaches
  5 goblins (D:1)
  9 hobgoblins
  10 jackals
  12 kobolds
  4 quokkas
  10 frilled lizards
  A jackal zombie (D:4)
  A leopard gecko skeleton (D:5)
  A quokka skeleton (D:4)
  45 rats
212 creatures vanquished.

Vanquished Creatures (collateral kills)
  A blink frog (Abyss:1)
  A crimson imp (D:8)
2 creatures vanquished.

Grand Total: 214 creatures vanquished

Notes
Turn   | Place    | Note
-------+----------+-------------------------------------------
     0 | D:1      | Inarius the Demonspawn Artificer began the quest for the
                  | Orb.
     0 | D:1      | Reached XP level 1. HP: 15/15 MP: 3/3
    51 | D:1      | Reached skill level 1 in Short Blades
   257 | D:1      | Gained mutation: You have sharp fingernails. [demonic
                  | ancestry]
   257 | D:1      | Reached XP level 2. HP: 21/21 MP: 4/4
  1020 | D:1      | Gained mutation: You are surrounded by a mild repulsion
                  | field. (EV +2) [demonic ancestry]
  1020 | D:1      | Reached XP level 3. HP: 24/26 MP: 5/5
  1257 | D:2      | Reached skill level 1 in Unarmed Combat
  1362 | D:2      | Reached skill level 1 in Armour
  1453 | D:2      | Reached XP level 4. HP: 10/33 MP: 6/6
  1881 | D:2      | Noticed Terence
  1888 | D:2      | Killed Terence
  2043 | D:2      | Found a glowing silver altar of Zin.
  2045 | D:2      | Found a glowing golden altar of the Shining One.
  2102 | D:2      | Found a faded altar of an unknown god.
  2363 | D:3      | Reached skill level 2 in Unarmed Combat
  2363 | D:3      | Gained mutation: Your flesh is cold resistant. (rC+)
                  | [demonic ancestry]
  2363 | D:3      | Reached XP level 5. HP: 18/38 MP: 7/7
  2624 | D:3      | Reached XP level 6. HP: 24/46 MP: 8/8
  3310 | D:3      | Found a hazy altar of Hepliaklqana.
  3696 | D:4      | Found a bloodstained altar of Trog.
  3743 | D:4      | Found a staircase to the Ecumenical Temple.
  3808 | D:5      | Entered Level 5 of the Dungeon
  3828 | D:5      | Noticed a sky beast
  3847 | D:5      | Killed a sky beast
  3848 | D:5      | Noticed an ice beast
  3909 | D:5      | Reached skill level 3 in Unarmed Combat
  3951 | Temple   | Entered the Ecumenical Temple
  3990 | Temple   | Became a worshipper of Uskayaw the Reveler
  4179 | D:5      | Reached * piety under Uskayaw
  4184 | D:5      | Reached ** piety under Uskayaw
  4200 | D:5      | Killed an ice beast
  4200 | D:5      | Gained mutation: You are surrounded by a moderate repulsion
                  | field. (EV +3) [demonic ancestry]
  4200 | D:5      | Reached XP level 7. HP: 34/52 MP: 9/9
  4232 | D:5      | Reached *** piety under Uskayaw
  4234 | D:5      | Reached skill level 1 in Invocations
  4235 | D:5      | Reached **** piety under Uskayaw
  4574 | D:5      | Noticed Edmund
  4701 | D:5      | HP: 2/52 [Edmund/+1 flail of protection (10)]
  5924 | D:4      | Gained mutation: You are surrounded by a strong repulsion
                  | field. (EV +4, RMsl) [demonic ancestry]
  5924 | D:4      | Reached XP level 8. HP: 60/60 MP: 10/10
  6470 | D:6      | Found a glowing drain.
  6474 | Sewer    | Entered a sewer
  6582 | Sewer    | Reached skill level 5 in Armour
  7128 | D:6      | Reached skill level 4 in Unarmed Combat
  7673 | D:6      | Reached skill level 5 in Fighting
  7835 | D:6      | Reached skill level 1 in Shields
  8415 | D:7      | Reached XP level 9. HP: 29/69 MP: 11/11
  9142 | D:7      | Noticed Joseph
  9245 | D:7      | Killed Joseph
  9245 | D:7      | Reached skill level 5 in Unarmed Combat
  9451 | D:7      | Reached skill level 6 in Unarmed Combat
  9503 | D:7      | Found Vaiviu Vafa's Antique Weapon Emporium.
 10219 | D:8      | Noticed Psyche
 10271 | D:8      | Cast into level 1 of the Abyss (Psyche)
 10297 | Abyss:1  | Gained mutation: Armour fits poorly on your strangely
                  | shaped body. [a neqoxec]
 10298 | Abyss:1  | Gained mutation: You have sharp toenails. [a neqoxec]
 10303 | Abyss:1  | Gained mutation: Your system is resistant to poisons.
                  | (rPois) [a neqoxec]
 10309 | Abyss:1  | Reached skill level 5 in Invocations
 10503 | Abyss:1  | HP: 3/69 [blink frog (7)]
 10511 | Abyss:1  | Noticed a large abomination
 10730 | Abyss:1  | Noticed a freezing wraith
 10744 | Abyss:1  | Killed a freezing wraith
 10744 | Abyss:1  | Reached skill level 7 in Unarmed Combat
 10805 | Abyss:1  | Noticed a large abomination
 10819 | Abyss:1  | Slain by a large abomination

Levels and vault maps discovered:
D:1:      lightli_arrival_boilingwater, layout_loops_ring
D:2:      layout_rooms, gammafunk_temple_overflow_statue, first_ration,
          chequers_ecumenical_altar_twisty, grunt_decor_mini_mirrors,
          minmay_rat_hole, uniq_terence
D:3:      layout_loops_cross, lemuel_coloured_pillars_altar
D:4:      layout_rooms, minmay_temple_entry_from_below_a, serial_undead,
          serial_undead_b, serial_undead_e, serial_undead_e, serial_undead_d,
          serial_undead_e, bloody_trog
D:5:      layout_loops_cross, hangedman_abyss_or_decor_slice, uniq_edmund
D:6:      layout_layer_cave, gup_sewer_entry_bowl
D:7:      layout_cave_pods, serial_shops, nicolae_shop_stone, uniq_joseph
D:8:      layout_gridville, lair_entry_dummy, serial_shops, shop,
          enter_bailey_2, uniq_pikel, uniq_psyche
Temple:   minmay_crystal_spiral_temple
Abyss:1:  base:
D:7

Skill      XL: |  1  2  3  4  5  6  7  8  9 |
---------------+----------------------------+-----
Short Blades   | 1 |  1.2
Dodging        | 2 3 4 |  4.0
Unarmed Combat | 1 2 3 4 7 |  7.2
Armour         | 1 2 3 4 5 6 |  6.6
Fighting       | 2 3 4 5 6 |  6.3
Invocations    | 2 3 5 |  5.5
Shields        | 1 |  1.6
Axes           | |  0.1
Throwing       | |  0.9
Stealth        | |  0.8
Evocations     | |  3.7

Action                   |  1- 3 |  4- 6 |  7- 9 || total
-------------------------+-------+-------+-------++-------
Melee: Short sword       |   159 |    18 |       ||   177
       Hand axe          |       |   158 |   439 ||   597
       Punch             |       |     2 |     2 ||     4
       Unarmed           |       |       |   253 ||   253
Throw: Javelin           |     2 |    10 |    46 ||    58
Invok: Stomp             |       |       |     5 ||     5
Evoke: Wand              |     8 |    14 |    17 ||    39
  Use: Scroll            |       |     1 |     5 ||     6
       Potion            |       |       |     2 ||     2
 Stab: Sleeping          |     1 |       |       ||     1
       Paralysed         |       |       |    31 ||    31
  Eat: Chunk             |     2 |     7 |    19 ||    28
       Ration            |       |     1 |     1 ||     2
Armor: Leather armour    |     8 |       |       ||     8
       Ring mail         |    67 |     8 |       ||    75
       Scale mail        |       |    66 |   106 ||   172
       Plate armour      |       |       |   203 ||   203
Dodge: Dodged            |   139 |   117 |   446 ||   702
       Deflected         |       |       |    11 ||    11
Block: Buckler           |       |       |    83 ||    83

Table legend:
 A = Non-vault XP
 B = Vault XP
 C = Vault XP percentage of total XP
 D = Non-vault monster count
 E = Vault monster count
 F = Vault count percentage of total count
                 A         B        C        D         E       F
            +---------+---------+-------+---------+---------+-------
      Total |    4606 |     921 |  16.7 |     142 |      72 |  33.6
            +---------+---------+-------+---------+---------+-------
        D:1 |      49 |       0 |   0.0 |      25 |       0 |   0.0
        D:2 |      78 |      52 |  40.0 |      19 |      20 |  51.3
        D:3 |     232 |       0 |   0.0 |      15 |       0 |   0.0
        D:4 |     360 |     182 |  33.6 |      22 |       7 |  24.1
        D:5 |     615 |       0 |   0.0 |      13 |       0 |   0.0
        D:6 |     993 |      21 |   2.1 |      21 |       4 |  16.0
        D:7 |    1211 |     508 |  29.6 |      21 |       1 |   4.5
        D:8 |      23 |       0 |   0.0 |       1 |       0 |   0.0
    Abyss:1 |    1045 |       0 |   0.0 |       5 |       0 |   0.0
      Sewer |       0 |     158 | 100.0 |       0 |      40 | 100.0
            +---------+---------+-------+---------+---------+-------
